[Event "Early-Titled-Tuesday-Blitz-March-26-2024"]
[Site "Chess.com"]
[Date "2024.03.26"]
[Round "2"]
[White "ketster"]
[Black "lukazz029"]
[Result "1-0"]
[WhiteElo "2574"]
[BlackElo "1997"]
[TimeControl "180+1"]
[EndTime "8:16:35 PDT"]
[Termination "ketster won by resignation"]

1. c4 e6 2. Nc3 Nf6 3. Nf3 d5 4. e3 Be7 5. b3 O-O 6. Bb2 c6 7. Qc2 Nbd7 8. g4 a5 9. g5 Ne8 10. Bd3 f5 11. gxf6 Ndxf6 12. Ne5 Nd6 13. O-O-O a4 14.
Rhg1 axb3 15. axb3 dxc4 16. bxc4 Qa5 17. Nb1 Nf5 18. f4 Bb4 19. Rg5 Qa2 20. Rdg1 Ne8 21.
Bxf5 exf5 22. Nd3 Be7 23. Rxg7+ Nxg7 24. Rxg7+ 1-0

[Event "Early-Titled-Tuesday-Blitz-March-26-2024"]
[Site "Chess.com"]
[Date "2024.03.26"]
[Round "2"]
[White "ViktoriyaTarasova"]
[Black "guillembaches"]
[Result "1/2-1/2"]
[WhiteElo "2361"]
[BlackElo "2535"]
[TimeControl "180+1"]
[EndTime "8:16:40 PDT"]
[Termination "Game drawn by repetition"]

1. d4 d5 2. c4 e6 3. Nc3 a6 4. cxd5 exd5 5. Bf4 Nf6 6. e3 c5 7. Bd3 c4 8. Bc2 b5 9. a3 Bb7 10. Nge2 Be7 11. O-O O-O 12. h3 Nbd7 13. Ng3 Re8 14. Nf5 Bf8 15. Nd6 Bxd6 16. Bxd6 Ne4 17. Bxe4 dxe4 18. Bh2 Nf6 19. Re1 Nd5 20. Qc2 Nxc3 21. Qxc3 Qd5 22. a4 h5 23. axb5 axb5 24. Qb4 Bc6 25. Be5 f6 26. Bh2 Kh7 27. Rec1 h4 28. Bd6 Rec8 29. Bf4 Re8 30. Kh1 Rec8 31. Qe7 Re8 32.
Qb4 Rec8 33. Qe1 Re8 34. Rxa8 Rxa8 35. Ra1 Rxa1 36. Qxa1 b4 37. Qe1 Qb5 38. Bd6 c3 39. bxc3 b3 40. Qb1 Bd5 41. Ba3 Qe2 42. Kg1 f5 43.
Bb2 Bc4 44. Qa1 Qc2 45. Qc1 Qe2 46. Qa1 Qc2 47. Qc1 Qe2 48. Qa1 1/2-1/2

[Event "Early-Titled-Tuesday-Blitz-March-26-2024"]
[Site "Chess.com"]
[Date "2024.03.26"]
[Round "2"]
[White "Felix-Rose"]
[Black "Cheer_Down"]
[Result "1-0"]
[WhiteElo "2211"]
[BlackElo "2473"]
[TimeControl "180+1"]
[EndTime "8:16:44 PDT"]
[Termination "Felix-Rose won by resignation"]

1. e4 e5 2. Nf3 Nc6 3. Bb5 a6 4. Ba4 Nf6 5. d3 d6 6. c3 g6 7. Nbd2 Bg7 8. Nf1 O-O 9. h3 b5 10. Bc2 d5 11. Qe2 b4 12. Ng3 a5 13. Ba4 Bb7 14. O-O dxe4 15. dxe4 bxc3 16. bxc3 Ba6 17. Bb5 Qc8 18. Ba3 Rd8 19. Rfd1 Nd7 20. Qc4 Bxb5 21. Qxb5 Qa6 22. Qxa6 Rxa6 23. Rd5 Nb6 24. Rc5 Rd6 25. Rb1 Bf8 26. Nxe5 Nxe5 27. Rxe5 Rd2 28. Re8 Nd7 29. Bxf8 Nxf8 30. Rbb8 Kg7 31. Rxf8 Rxa2 32. h4 h5 33.
Rg8+ Kf6 34. Rbe8 1-0

[Event "Early-Titled-Tuesday-Blitz-March-26-2024"]
[Site "Chess.com"]
[Date "2024.03.26"]
[Round "2"]
[White "vladgoncharov"]
[Black "Yaacovn"]
[Result "0-1"]
[WhiteElo "2616"]
[BlackElo "2912"]
[TimeControl "180+1"]
[EndTime "8:16:46 PDT"]
[Termination "Yaacovn won by checkmate"]

1. d4 Nf6 2. c4 e5 3. dxe5 Ne4 4. Nf3 Nc6 5. Bf4 Bb4+ 6. Nbd2 g5 7. Qc2 d5 8. cxd5 Qxd5 9. Nxg5 Nxd2 10. Bxd2 Nd4 11. Qd3 Bf5 12. e4 Bxd2+ 13. Kxd2 Qxe5 14. Ke3 O-O-O 15. Nxf7 Qc5 16. Qc4 Nc2+ 17. Kf3 Bg4+ 18. Kg3 Qb6 19. Qxc2 Rhg8 20. Nxd8 Bd1+ 21. Kf4 Qh6+ 22.
Ke5 Qd6+ 23. Kf5 Bg4# 0-1

[Event "Early-Titled-Tuesday-Blitz-March-26-2024"]
[Site "Chess.com"]
[Date "2024.03.26"]
[Round "2"]
[White "gpsji27"]
[Black "santosalberto1987"]
[Result "1/2-1/2"]
[WhiteElo "2359"]
[BlackElo "2532"]
[TimeControl "180+1"]
[EndTime "8:16:46 PDT"]
[Termination "Game drawn by repetition"]

1. d4 Nf6 2. Nf3 d6 3. c4 Bf5 4. Nc3 g6 5. Bg5 Nbd7 6. e3 Ne4 7. Nxe4 Bxe4 8. Nd2 h6 9. Nxe4 hxg5 10. Nxg5 Bg7 11. Bd3 c5 12. Nf3 cxd4 13. exd4 Qa5+ 14. Qd2 Qxd2+ 15.
Kxd2 e6 16. Rae1 O-O 17. h4 Nf6 18. Ng5 Ng4 19. f3 Nf2 20. Rhf1 Bxd4 21. Bc2 Rac8 22. Bb3 a6 23. Re2 b5 24. cxb5 axb5 25. Nxe6 fxe6 26. Bxe6+ Kg7 27. Bxc8 Rxc8 28. Rexf2 Bxf2 29. Rxf2 Kf6 30. Re2 b4 31. Re4 Ra8 32. Rxb4 Rxa2 33. Ke3 Ra1 34. Kf4 Rg1 35. g4 Rh1 36. g5+ Ke6 37. Kg4 d5 38.
Rb6+ Ke5 39. Rxg6 d4 40. Rg8 d3 41. Rd8 Rd1 42. h5 d2 43. h6 Rg1+ 44. Kh5 d1=Q 45. Rxd1 Rxd1 46. h7 Kf5 47. Kh6 Rd6+ 48. Kg7 Rd7+ 49.
Kg8 Rd8+ 50. Kg7 Rd7+ 51. Kg8 Rd8+ 52. Kg7 Rd7+ 1/2-1/2

[Event "Early-Titled-Tuesday-Blitz-March-26-2024"]
[Site "Chess.com"]
[Date "2024.03.26"]
[Round "2"]
[White "tptagain"]
[Black "Boundless_Strike"]
[Result "1-0"]
[WhiteElo "2949"]
[BlackElo "2632"]
[TimeControl "180+1"]
[EndTime "8:16:47 PDT"]
[Termination "tptagain won by resignation"]

1. Nf3 d6 2. d4 e5 3. dxe5 Bg4 4.
Nc3 Nc6 5. exd6 Bxd6 6. h3 Bh5 7. Ne4 Bb4+ 8. c3 Qe7 9. Ng3 Bxf3 10. gxf3 Rd8 11. Qa4 Bc5 12. Ne4 Bb6 13. Bg2 Nf6 14. Bg5 h6 15. Bxf6 gxf6 16. Ng3 Rg8 17. Qe4 h5 18. f4 h4 19. Nf5 Qxe4 20. Bxe4 Ne7 21. Nxh4 c6 22. e3 Rh8 23. Nf5 Nxf5 24. Bxf5 Ke7 25.
Rd1 Rxd1+ 26. Kxd1 Rg8 27. h4 Rg2 28. Ke2 Kf8 29. h5 Kg8 30. h6 Kh8 31. Rd1 Rh2 32. h7 Kg7 33. Rd7 Kf8 34. Rxb7 Kg7 35. b4 1-0

[Event "Early-Titled-Tuesday-Blitz-March-26-2024"]
[Site "Chess.com"]
[Date "2024.03.26"]
[Round "2"]
[White "esrosenberg"]
[Black "esteban062000"]
[Result "1-0"]
[WhiteElo "2479"]
[BlackElo "2166"]
[TimeControl "180+1"]
[EndTime "8:16:48 PDT"]
[Termination "esrosenberg won by resignation"]

1. d4 Nf6 2. c4 e6 3. Nc3 Bb4 4. Nf3 O-O 5. Bg5 d6 6. Qc2 h6 7. Bh4 b6 8. e3 Nbd7 9. Bd3 Bb7 10. O-O Bxc3 11. bxc3 c5 12. Nd2 Qc7 13. a4 d5 14. a5 dxc4 15. Nxc4 b5 16. Nd2 c4 17.
Be4 Nxe4 18. Nxe4 Qc6 19. f3 e5 20. Bg3 exd4 21. exd4 Qg6 22. a6 Bxa6 23. Qb2 Bb7 24.
Qxb5 Nb6 25. Nc5 Bc6 26. Qb1 Nd5 27. Qxg6 fxg6 28. Rfc1 Rfe8 29. Ra6 Bb7 30. Nxb7 1-0

[Event "Early-Titled-Tuesday-Blitz-March-26-2024"]
[Site "Chess.com"]
[Date "2024.03.26"]
[Round "2"]
[White "monomita"]
[Black "Tol_Tol"]
[Result "1-0"]
[WhiteElo "2744"]
[BlackElo "2345"]
[TimeControl "180+1"]
[EndTime "8:16:54 PDT"]
[Termination "monomita won by resignation"]

1. e4 c5 2. Nf3 Nc6 3. Bb5 e6 4. O-O Nge7 5. Re1 a6 6. Bf1 Ng6 7. c3 b5 8. d4 cxd4 9. cxd4 Bb7 10.
Nc3 Be7 11. d5 Nce5 12. Nxe5 Nxe5 13. Bf4 Ng6 14. Bg3 e5 15. a4 b4 16. Nb1 d6 17.
a5 O-O 18. Nd2 f5 19. exf5 Rxf5 20. Bd3 Rf6 21. Be4 Nf4 22. Nc4 Rc8 23. Nb6 Rc5 24. Qa4 Rb5 25. Rac1 Rf8 26. Rc4 Nxd5 27. Bxd5+ Bxd5 28. Rc8 Qxc8 29. Nxc8 Rxc8 30. Qd1 Rbc5 31. f4 exf4 32.
Bf2 Rxa5 33. Rxe7 b3 34. Bd4 Rc2 35. Rxg7+ Kf8 36. Qe1 Rxg2+ 37. Rxg2 1-0

[Event "Early-Titled-Tuesday-Blitz-March-26-2024"]
[Site "Chess.com"]
[Date "2024.03.26"]
[Round "2"]
[White "xakevicius91"]
[Black "javierfreilemartin"]
[Result "1-0"]
[WhiteElo "2533"]
[BlackElo "2318"]
[TimeControl "180+1"]
[EndTime "8:16:54 PDT"]
[Termination "xakevicius91 won by resignation"]

1. e4 c5 2. Nf3 d6 3. d4 cxd4 4.
Nxd4 Nf6 5. Nc3 a6 6. f3 e6 7. Be3 b5 8. Qd2 Bb7 9. a3 Nbd7 10. Rg1 h5 11. O-O-O Rc8 12. Kb1 Qc7 13. Be2 d5 14. exd5 Bxd5 15. Rge1 b4 16. Nxd5 Nxd5 17. a4 Bc5 18. Bxa6 Nxe3 19. Rxe3 Bxd4 20. Bxc8 Bxe3 21. Bxd7+ Ke7 22. Qxe3 Rd8 23. Qd4 Rxd7 24. Qxb4+ Kf6 25. Rxd7 Qxd7 26. Qf4+ Kg6 27. Qe4+ f5 28. Qe2 Qxa4 29.
Qxe6+ Kg5 30. Qe7+ Kh6 31. h4 g6 32. Qg5+ Kh7 33.
b3 Qd4 34. Qe7+ Kh6 35. Qe1 Qd6 36. b4 g5 37. hxg5+ Kxg5 38. Kb2 Qd4+ 39. c3 Qc4 40.
Qd2+ f4 41. Qf2 h4 42. Qc5+ 1-0

[Event "Early-Titled-Tuesday-Blitz-March-26-2024"]
[Site "Chess.com"]
[Date "2024.03.26"]
[Round "2"]
[White "rezamahdavi2008"]
[Black "Kazmin_Semyon"]
[Result "1-0"]
[WhiteElo "2839"]
[BlackElo "2566"]
[TimeControl "180+1"]
[EndTime "8:16:55 PDT"]
[Termination "rezamahdavi2008 won by resignation"]

1. Nf3 Nf6 2. d4 e6 3. c4 c5 4. d5 exd5 5. cxd5 d6 6. Nc3 g6 7. e4 Bg7 8. Be2 O-O 9. O-O Bg4 10.
Nd2 Bxe2 11. Qxe2 Re8 12. a4 Nbd7 13. Rd1 Nb6 14. Qd3 Ng4 15. a5 Nd7 16. h3 Nge5 17. Qc2 Qh4 18. Nb5 f5 19. exf5 Rf8 20. Nxd6 g5 21. N2e4 g4 22. Ra3 h6 23. hxg4 Nxg4 24. Rh3 Qe7 25. Rg3 h5 26. Bg5 Qe5 27. Rd2 Kh7 28. f4 Qxb2 29. Qxb2 Bxb2 30. Rxb2 b6 31. Rh3 Kg7 32. Rxh5 Rab8 33. f6+ Kg6 34. Rh4 Ne3 35. Re2 Nf5 36. Nxf5 Kxf5 37. g4+ Kg6 38. f5+ Kf7 39. Rh7+ Ke8 40. f7+ 1-0

[Event "Early-Titled-Tuesday-Blitz-March-26-2024"]
[Site "Chess.com"]
[Date "2024.03.26"]
[Round "2"]
[White "gummigisla"]
[Black "scarabee43"]
[Result "0-1"]
[WhiteElo "2434"]
[BlackElo "2861"]
[TimeControl "180+1"]
[EndTime "8:16:55 PDT"]
[Termination "scarabee43 won on time"]

1. e4 c5 2. Be2 Nc6 3. c3 Nf6 4. d3 d5 5. Nd2 e5 6. exd5 Nxd5 7. Nc4 Be7 8. a4 O-O 9. Nf3 f6 10. O-O Be6 11. Re1 Rc8 12. Ne3 Nf4 13. Bf1 Qd7 14. Nc4 Ng6 15. Be3 Rfd8 16. Qc2 Bf8 17. Nfd2 Nce7 18.
Ne4 Nd5 19. g3 h6 20. f3 Qf7 21. Bf2 b6 22. Ne3 Nde7 23. a5 f5 24. Nd2 Nc6 25.
axb6 axb6 26. Nec4 b5 27. Na5 Nce7 28. Nb7 Rd5 29.
c4 bxc4 30. dxc4 Rxd2 31. Qxd2 Nc6 0-1

[Event "Early-Titled-Tuesday-Blitz-March-26-2024"]
[Site "Chess.com"]
[Date "2024.03.26"]
[Round "2"]
[White "DenLaz"]
[Black "only_strong_moves"]
[Result "1-0"]
[WhiteElo "3086"]
[BlackElo "2707"]
[TimeControl "180+1"]
[EndTime "8:16:56 PDT"]
[Termination "DenLaz won on time"]

1. d4 Nf6 2. c4 e6 3. Nf3 d5 4. g3 Be7 5. Bg2 O-O 6. O-O dxc4 7. Qc2 a6 8. a4 Bd7 9. Qxc4 Bc6 10. Bg5 Nbd7 11. Nc3 h6 12. Bxf6 Nxf6 13. Rfd1 Bxf3 14. Bxf3 c6 15. e4 Qa5 16. Kg2 Rfd8 17. h4 Rac8 18. Qe2 e5 19. d5 Bb4 20. dxc6 bxc6 21.
Qc4 Bc5 22. Be2 Bd4 23. Rac1 Qb6 24. Qxa6 Qxb2 25. Qc4 Bxc3 26. Rxc3 Rxd1 27. Bxd1 Nxe4 28. Rc2 Qd4 29. Bf3 Nd6 30. Qxd4 exd4 31. Rxc6 Rxc6 32.
Bxc6 Nc4 33. Bb5 Na5 34. Kf3 Kf8 35. Ke4 Nb3 36. Kd5 Ke7 37. Bc4 Na5 38. Kxd4 f6 39. Bd5 Kd6 40. h5 1-0

[Event "Early-Titled-Tuesday-Blitz-March-26-2024"]
[Site "Chess.com"]
[Date "2024.03.26"]
[Round "2"]
[White "Kiborg95"]
[Black "UK_23"]
[Result "1-0"]
[WhiteElo "2771"]
[BlackElo "2405"]
[TimeControl "180+1"]
[EndTime "8:16:56 PDT"]
[Termination "Kiborg95 won by resignation"]

1. e4 e5 2. Nf3 Nf6 3. d3 Nc6 4. c3 d5 5. Nbd2 a5 6. Be2 Bc5 7. O-O O-O 8. h3 Re8 9. Re1 Ba7 10. a4 h6 11. exd5 Nxd5 12. Bf1 Nf4 13. Nc4 Qf6 14.
d4 e4 15. Nh2 Nd5 16. Qh5 Bf5 17. g4 Bg6 18. Qxd5 Rad8 19. Qb5 Nxd4 20. cxd4 Bxd4 21.
Be3 c6 22. Qb3 Bxe3 23. Rxe3 Rd4 24. Qxb7 Red8 25. Nxa5 Rd2 26. Re2 Rxe2 27. Bxe2 Rd2 28. Re1 e3 29. fxe3 Qd6 30. Nf1 Be4 31. Nc4 Rxe2 32.
Nxd6 Rg2+ 33. Kh1 Bf3 34. Qc8+ Kh7 35. Qf5+ 1-0

[Event "Early-Titled-Tuesday-Blitz-March-26-2024"]
[Site "Chess.com"]
[Date "2024.03.26"]
[Round "2"]
[White "CURRUTACO59"]
[Black "YoreDea"]
[Result "0-1"]
[WhiteElo "2294"]
[BlackElo "2523"]
[TimeControl "180+1"]
[EndTime "8:16:58 PDT"]
[Termination "YoreDea won by resignation"]

1. Nf3 d5 2. d4 Nf6 3. c4 e6 4. Nc3 c6 5. e3 Nbd7 6. Bd3 dxc4 7. Bxc4 b5 8. Bd3 Bb7 9. O-O a6 10. e4 c5 11. e5 cxd4 12. exf6 dxc3 13. fxg7 Bxg7 14.
bxc3 Bxc3 15. Rb1 Nc5 16. Be2 Qxd1 17. Rxd1 Be4 18. Bb2 Bxb2 19. Rxb2 Ke7 20. Nd4 Rhd8 21. Rbd2 e5 22. Nf3 Rxd2 23. Rxd2 Bxf3 24. Bxf3 Rd8 25. Rc2 Ne6 26. g3 Nd4 27. Rc7+ Rd7 28. Rxd7+ Kxd7 29.
Bd5 f6 30. h4 a5 31. h5 h6 32. Kg2 b4 33. Kh3 a4 34. Kh4 Kd6 35. Bf7 b3 36.
axb3 axb3 37. Kg4 f5+ 38. Kh4 b2 39. Ba2 Nf3+ 40. Kh3 Nd2 41. Kg2 b1=Q 42. Bxb1 Nxb1 43. f3 Nd2 44. g4 fxg4 45. fxg4 Ke6 46. Kg3 Ne4+ 47.
Kf3 Ng5+ 48. Ke3 Kd5 0-1

[Event "Early-Titled-Tuesday-Blitz-March-26-2024"]
[Site "Chess.com"]
[Date "2024.03.26"]
[Round "2"]
[White "SpeedofLight0"]
[Black "Gurvich_Vitaly"]
[Result "1-0"]
[WhiteElo "3079"]
[BlackElo "2701"]
[TimeControl "180+1"]
[EndTime "8:16:59 PDT"]
[Termination "SpeedofLight0 won by resignation"]

1. d4 Nf6 2. Nc3 d5 3. Bf4 c6 4. e3 Bf5 5. Bd3 Bxd3 6. cxd3 e6 7. Nf3 Bd6 8. Qb3 b6 9. Ne5 O-O 10. Rc1 Qe7 11. O-O Rc8 12. Nb5 Ne8 13. Nxd6 Nxd6 14. Qa3 Nf5 15. Qa4 Qb7 16. e4 Ne7 17. Rc3 f6 18.
Nf3 Nd7 19. Rfc1 c5 20. Bd6 b5 21. Qd1 b4 22. R3c2 Ng6 23. dxc5 Qa6 24. Nd4 Nde5 25.
Rd2 Kf7 26. exd5 exd5 27. Qb3 Nf4 28. g3 Nfxd3 29. Qxd5+ Kg6 30. Rcd1 Re8 31. Rxd3 Nxd3 32. Qf5+ Kf7 33. Rxd3 Re1+ 34. Kg2 Qc4 35. b3 Qc1 36. Nf3 Ree8 37. Qd5+ Kg6 38. Nh4+ 1-0

[Event "Early-Titled-Tuesday-Blitz-March-26-2024"]
[Site "Chess.com"]
[Date "2024.03.26"]
[Round "2"]
[White "CarlosjPineror"]
[Black "ITheOnlyME"]
[Result "1-0"]
[WhiteElo "2768"]
[BlackElo "2425"]
[TimeControl "180+1"]
[EndTime "8:16:59 PDT"]
[Termination "CarlosjPineror won by resignation"]

1. e4 c5 2. Nf3 g6 3. g3 Bg7 4. Bg2 Nc6 5. O-O d6 6. h3 Nf6 7. Nc3 O-O 8. d3 a6 9. Be3 b5 10. Qd2 Bb7 11. Ne1 Nd7 12. Nd1 e6 13. f4 Nd4 14. c3 Nc6 15. Nf3 f5 16. exf5 exf5 17. Ng5 Qf6 18. Bd5+ Kh8 19. Qg2 Rac8 20. Ne6 Rfe8 21.
Nxg7 Qxg7 22. Bf2 Nf6 23. Bf3 d5 24. Bxc5 d4 25. cxd4 Rcd8 26. d5 Na5 27. d6 Bxf3 28. Qxf3 Nb7 29. Bb4 a5 30. Bc3 b4 31. Be5 Nxd6 32.
Nf2 Nf7 33. d4 Nxe5 34. dxe5 Nd5 35. Rfd1 Qf7 36. Rac1 Nb6 37. b3 a4 38. Rxd8 Rxd8 39. Rc6 axb3 40. Qxb3 Nd5 41. Qc4 Qa7 42. Rd6 Rxd6 43.
exd6 Nf6 44. Qc8+ Ng8 45. d7 1-0

[Event "Early-Titled-Tuesday-Blitz-March-26-2024"]
[Site "Chess.com"]
[Date "2024.03.26"]
[Round "2"]
[White "SlavenPastar"]
[Black "artin10862"]
[Result "0-1"]
[WhiteElo "2606"]
[BlackElo "2907"]
[TimeControl "180+1"]
[EndTime "8:17:01 PDT"]
[Termination "artin10862 won by resignation"]

1. Nf3 Nf6 2. g3 b6 3. Bg2 Bb7 4. b3 g6 5. Bb2 Bg7 6. d4 O-O 7. c4 e6 8. O-O d6 9. Nc3 Nbd7 10. Qc2 a6 11. e4 c5 12. d5 exd5 13. exd5 Rb8 14. a4 Qc7 15. Rfe1 Rbe8 16. h3 Bc8 17. Qd2 h6 18. Rxe8 Rxe8 19. Re1 Rxe1+ 20. Qxe1 Qd8 21. Qe2 Ne8 22. Ne4 Bxb2 23. Qxb2 f5 24. Ned2 Qf6 25.
Qxf6 Ndxf6 26. Ne1 Nc7 27. Nd3 Kf7 28. f4 Ke7 29.
Kf2 b5 30. cxb5 axb5 31. a5 Bb7 32. Nb1 Bxd5 33. Bxd5 Nfxd5 34. Kf3 Kd7 35. Nd2 Kc6 36. g4 Ne6 37. gxf5 gxf5 38. Nf1 Nd4+ 39. Kf2 Nxb3 40. Ng3 Nd4 0-1

[Event "Early-Titled-Tuesday-Blitz-March-26-2024"]
[Site "Chess.com"]
[Date "2024.03.26"]
[Round "2"]
[White "nabukatnezarr"]
[Black "mbojan"]
[Result "0-1"]
[WhiteElo "2590"]
[BlackElo "2880"]
[TimeControl "180+1"]
[EndTime "8:17:01 PDT"]
[Termination "mbojan won by resignation"]

1. e4 c5 2. Nc3 e6 3. Nge2 a6 4.
g3 b5 5. Bg2 Bb7 6. O-O Nf6 7.
d3 d6 8. f4 Nc6 9. Kh1 Be7 10.
Be3 h5 11. h3 Nd7 12. Qe1 h4 13. g4 g5 14. f5 Nde5 15. Qd2 Rg8 16. Rae1 Kd7 17. Qd1 Rc8 18. d4 cxd4 19. Nxd4 Nxd4 20.
Bxd4 Kc7 21. Qe2 Kb8 22. Bg1 Rc4 23. Qf2 Qc7 24. Re2 Bc6 25. Nd1 Qb7 26. Qe1 Bd7 27.
c3 Rc7 28. Ne3 Rgc8 29. Nc2 Nd3 30. Qb1 Nf4 31. Rxf4 gxf4 32. e5 Bc6 33. Bxc6 Qxc6+ 34. Kh2 dxe5 35. Rxe5 Bd6 36. Nd4 Qb7 37. Re4 f3+ 38.
Kh1 Bc5 39. Qd3 exf5 40. Nxf5 f2 41. Bh2 Qxe4+ 0-1

[Event "Early-Titled-Tuesday-Blitz-March-26-2024"]
[Site "Chess.com"]
[Date "2024.03.26"]
[Round "2"]
[White "Shuvalov"]
[Black "Zhigalko_Sergei"]
[Result "0-1"]
[WhiteElo "2605"]
[BlackElo "2905"]
[TimeControl "180+1"]
[EndTime "8:17:02 PDT"]
[Termination "Zhigalko_Sergei won by resignation"]

1. d4 Nf6 2. c4 e6 3. Nf3 b6 4.
g3 Ba6 5. b3 Bb4+ 6. Bd2 Be7 7.
Bg2 c6 8. Nc3 d5 9. Ne5 Nfd7 10.
Nxd7 Nxd7 11. cxd5 cxd5 12. O-O O-O 13. a4 Nf6 14.
Re1 Qd7 15. Rc1 Rac8 16. Rc2 Rc7 17. Bf4 Rc6 18. Qa1 Rfc8 19. Rec1 Bb4 20. Bf3 h6 21.
Bd2 Ne4 22. Be1 Ng5 23. Qb2 Nxf3+ 24. exf3 Bd3 25. Na2 Rxc2 26. Rxc2 Rxc2 0-1

[Event "Early-Titled-Tuesday-Blitz-March-26-2024"]
[Site "Chess.com"]
[Date "2024.03.26"]
[Round "2"]
[White "AA95"]
[Black "dodorox"]
[Result "1-0"]
[WhiteElo "2470"]
[BlackElo "2109"]
[TimeControl "180+1"]
[EndTime "8:17:03 PDT"]
[Termination "AA95 won on time"]

1. e4 e6 2. Nf3 d5 3. Nc3 Nf6 4. Qe2 Be7 5. d3 O-O 6. g3 Nc6 7. Bg2 dxe4 8. Nxe4 Nxe4 9. Qxe4 Bf6 10. O-O Qe7 11.
c3 e5 12. Re1 Re8 13. h4 g6 14. Bg5 Bf5 15. Qe3 Rad8 16. Rad1 Bxg5 17. hxg5 Qd6 18. Bf1 Qd5 19. b3 Bg4 20. Bg2 Qd6 21. Rd2 Re7 22.
Nh2 Bf5 23. Be4 Bxe4 24. Qxe4 Qd5 25. Ng4 Kg7 26. Qxd5 Rxd5 27. Re3 Red7 28. Nf6 R5d6 29. Nxd7 Rxd7 30. f4 exf4 31. gxf4 f6 32. d4 fxg5 33.
fxg5 Rd5 34. Rg2 Rf5 35. Re6 Kf7 36. Re3 Ne7 37. c4 1-0

[Event "Early-Titled-Tuesday-Blitz-March-26-2024"]
[Site "Chess.com"]
[Date "2024.03.26"]
[Round "2"]
[White "IshviAggarwal"]
[Black "mortngabriel"]
[Result "0-1"]
[WhiteElo "2184"]
[BlackElo "2486"]
[TimeControl "180+1"]
[EndTime "8:17:04 PDT"]
[Termination "mortngabriel won by resignation"]

1. Nf3 Nf6 2. d4 d5 3. g3 e6 4. Bg2 Be7 5. O-O O-O 6. c4 dxc4 7. Qc2 b5 8. a4 b4 9. Ne5 Nd5 10. Nxc4 c5 11. Rd1 cxd4 12. Rxd4 Nc6 13. Rd1 Qc7 14. e4 Nb6 15. Bf4 Qb7 16. e5 Nd5 17. Rxd5 exd5 18. Bxd5 Qd7 19. Be4 Bb7 20.
Bxh7+ Kh8 21. Bf5 Nd4 22. Bxd7 Nxc2 23. Ra2 b3 24. Ra3 Nxa3 25. Nbxa3 Rad8 26. e6 fxe6 27. Ne5 Bxa3 28. bxa3 b2 0-1

[Event "Early-Titled-Tuesday-Blitz-March-26-2024"]
[Site "Chess.com"]
[Date "2024.03.26"]
[Round "2"]
[White "Kostukov_Alex"]
[Black "Golubovsky"]
[Result "0-1"]
[WhiteElo "2274"]
[BlackElo "2516"]
[TimeControl "180+1"]
[EndTime "8:17:05 PDT"]
[Termination "Golubovsky won on time"]

1. g3 Nf6 2. Bg2 c5 3. c4 Nc6 4. Nf3 d6 5. d4 cxd4 6. Nxd4 Bd7 7. O-O g6 8. Nc3 Bg7 9. b3 O-O 10. Bb2 Rc8 11. Nc2 Qa5 12. Qd2 Rfd8 13. Rfe1 a6 14.
Red1 b5 15. Nd5 Qxd2 16. Rxd2 bxc4 17. bxc4 Nxd5 18. Bxg7 Nb6 19. Bh6 Nxc4 20. Rd3 N6e5 21. Rc3 Nb6 22. Rxc8 Rxc8 23. Nb4 a5 24. Nd5 Nxd5 25.
Bxd5 e6 26. Be4 Rc4 27. Bg2 Bc6 28. Bf4 f6 29. Bf1 Nf7 30. Rc1 Rxc1 31. Bxc1 Kf8 32. f4 Ke7 33. Kf2 e5 34. e3 d5 0-1

[Event "Early-Titled-Tuesday-Blitz-March-26-2024"]
[Site "Chess.com"]
[Date "2024.03.26"]
[Round "2"]
[White "newyorkmouse"]
[Black "Jospem"]
[Result "0-1"]
[WhiteElo "2706"]
[BlackElo "3085"]
[TimeControl "180+1"]
[EndTime "8:17:07 PDT"]
[Termination "Jospem won by resignation"]

1. Nf3 c5 2. b3 Nf6 3. Bb2 e6 4. e3 b6 5. c4 Bb7 6. Be2 Be7 7.
O-O O-O 8. d4 d6 9. Nc3 Nbd7 10.
d5 e5 11. a4 Re8 12. Qd2 Bf8 13. e4 g6 14. a5 bxa5 15. Bd3 Nh5 16. Ne2 a6 17.
Bc3 Ng7 18. Rxa5 f5 19. Rb1 Nf6 20. b4 fxe4 21. bxc5 exd3 22. Rxb7 dxe2 23. c6 Ne4 24. Qh6 Nxc3 25. Ra1 Ne4 26. c5 dxc5 27. Rd7 Qf6 28. Re1 Re7 29. Rxe2 Nf5 30. Qh3 Rxd7 31. cxd7 Nfd6 32.
Rb2 Rd8 33. Rb6 Qf5 34. Qh4 Rxd7 35. Rb8 Rf7 36. h3 c4 0-1

[Event "Early-Titled-Tuesday-Blitz-March-26-2024"]
[Site "Chess.com"]
[Date "2024.03.26"]
[Round "2"]
[White "jefferyx"]
[Black "TimGrutter03"]
[Result "1-0"]
[WhiteElo "3099"]
[BlackElo "2558"]
[TimeControl "180+1"]
[EndTime "8:17:07 PDT"]
[Termination "jefferyx won on time"]

1. e4 c5 2. Nf3 d6 3. Nc3 Nf6 4.
d4 cxd4 5. Qxd4 Nc6 6. Qd3 g6 7. Nd5 Bg7 8. c3 O-O 9. Bg5 Nxd5 10. exd5 Ne5 11. Nxe5 Bxe5 12. Be2 Bf5 13. Qd2 Rc8 14. O-O Re8 15. a4 Qb6 16. Be3 Qa5 17. Rfe1 Bd7 18. Ra3 Bg7 19. Rc1 a6 20. b4 Qc7 21. a5 e6 22. Bb6 Qb8 23. Bf3 e5 24. c4 f5 25.
c5 Bb5 26. c6 e4 27. Bd1 Qa8 28. c7 Be5 29. h4 f4 30. Bg4 Re7 31. Qc2 Bd3 32.
Rxd3 exd3 33. Qxd3 Bf6 34. Qh3 Ree8 35. h5 Bb2 36. hxg6 hxg6 37. Qh6 Bxc1 38. Qxg6+ Kf8 39.
Qf6+ Kg8 40. Be6+ Rxe6 41. dxe6 Rf8 42. Qg6+ 1-0

[Event "Early-Titled-Tuesday-Blitz-March-26-2024"]
[Site "Chess.com"]
[Date "2024.03.26"]
[Round "2"]
[White "tetrix83"]
[Black "norwaytoadog"]
[Result "1-0"]
[WhiteElo "2626"]
[BlackElo "2397"]
[TimeControl "180+1"]
[EndTime "8:17:08 PDT"]
[Termination "tetrix83 won on time"]

1. e4 c5 2. Nf3 d6 3. Bb5+ Bd7 4. Bxd7+ Nxd7 5. O-O Ngf6 6. Qe2 e6 7. b3 Be7 8. Bb2 O-O 9. c4 Qa5 10. d4 cxd4 11.
Nxd4 a6 12. Nc3 Rac8 13. Rad1 Rfe8 14. Kh1 Bf8 15. Rd3 Ne5 16. Rg3 Nc6 17. Nxc6 bxc6 18. f4 Qh5 19. Qe1 Kh8 20. e5 dxe5 21. fxe5 Nd7 22. Ne4 Nc5 23. Nd6 Bxd6 24. exd6 f6 25. Rxf6 e5 26. Rf1 Rcd8 27. b4 Na4 28. Ba1 Rxd6 29.
Bxe5 Rg6 30. Re3 Rge6 31. Bxg7+ Kxg7 32. Rxe6 Nb6 33. Rxe8 1-0

[Event "Early-Titled-Tuesday-Blitz-March-26-2024"]
[Site "Chess.com"]
[Date "2024.03.26"]
[Round "2"]
[White "ogpin"]
[Black "forevery0ung"]
[Result "1-0"]
[WhiteElo "2274"]
[BlackElo "2722"]
[TimeControl "180+1"]
[EndTime "8:17:09 PDT"]
[Termination "ogpin won by resignation"]

1. e4 c6 2. d4 d5 3. Nc3 dxe4 4.
Nxe4 Nf6 5. Nxf6+ exf6 6. c3 Bd6 7. Qc2 O-O 8. Bd3 Re8+ 9. Ne2 g6 10. Bd2 Na6 11. O-O-O b5 12. h4 Qa5 13. Kb1 Be6 14. c4 Nb4 15. Bxb4 Bxb4 16. h5 bxc4 17. Bxc4 Bxc4 18. Qxc4 Qd5 19. Qxd5 cxd5 20. Nf4 Rad8 21. a3 Ba5 22. b4 Bb6 23. Rhe1 Rxe1 24. Rxe1 g5 25. Ne2 Re8 26. h6 f5 27. Rc1 f6 28.
Ng3 Kf7 29. Nxf5 Kg6 30. g4 Re4 31. f3 Rf4 32. Rc8 Rxf3 33. Rg8+ Kf7 34. Rg7+ Kf8 35. Rxh7 Kg8 36. Rg7+ Kh8 37. Ne7 Rf1+ 38. Kc2 Rf2+ 39. Kd1 Rf1+ 40. Ke2 1-0

[Event "Early-Titled-Tuesday-Blitz-March-26-2024"]
[Site "Chess.com"]
[Date "2024.03.26"]
[Round "2"]
[White "theoneandonlydaaevik"]
[Black "dealshark"]
[Result "1-0"]
[WhiteElo "2530"]
[BlackElo "2313"]
[TimeControl "180+1"]
[EndTime "8:17:09 PDT"]
[Termination "theoneandonlydaaevik won by resignation"]

1. Nf3 d5 2. g3 Nf6 3. Bg2 e6 4. O-O Be7 5. b3 O-O 6. Bb2 Nbd7 7. c4 c6 8. d4 b6 9. Nbd2 Bb7 10. Qc2 Rc8 11.
e4 dxe4 12. Nxe4 c5 13. Nxf6+ Bxf6 14. Ng5 Bxg5 15. Bxb7 Rc7 16. Bg2 cxd4 17. Bxd4 Bf6 18.
Rad1 Bxd4 19. Rxd4 Qe7 20. Rfd1 Nc5 21. b4 Nd7 22. a3 Nf6 23. Qd2 h6 24. h3 Rfc8 25. Rd8+ Kh7 26. Qd3+ g6 27. Rxc8 Rxc8 28. Bf1 Rc7 29.
Qd4 Rd7 30. Qa1 Ne4 31. Bg2 Nf6 32. Kh2 Qd8 33. Rxd7 Nxd7 34. Qd4 Qc7 35. h4 e5 36.
Qd5 Nf8 37. Qb7 Ne6 38. Qd5 Nd4 39. h5 Qe7 40. hxg6+ fxg6 41. Qb7 Qxb7 42. Bxb7 Nc2 43. c5 bxc5 44. bxc5 Nxa3 45. Ba6 Nc2 46. c6 Nb4 47. c7 1-0